 Dungeon Crawl Stone Soup version 0.30-a0-358-g0d69a1922f (webtiles) character file.

Game seed: 934375221369171120

5117 hikkokomori the Slasher (level 10, -16/100 HPs)
             Began as a Troll Fighter on Nov 9, 2022.
             Was a Priest of Wu Jian.
             Killed from afar by an oklob plant (27 damage)
             ... with a splash of acid
             ... on level 9 of the Dungeon.
             The game lasted 00:14:31 (6028 turns).

hikkokomori the Slasher (Troll Fighter)             Turns: 6028, Time: 00:14:32

Health: -16/100    AC: -5    Str: 26 (28) XL:     10   Next: 32%
Magic:  18/18      EV: 13    Int:  1 (4)  God:    Wu Jian [***...]
Gold:   466        SH:  9    Dex:  9 (11) Spells: 9/9 levels left

rFire   . . .      SeeInvis .    q - +7 Singing Sword {vorpal, sonic wave}
rCold   . . .      Faith    .    b - +0 kite shield
rNeg    . . .      Spirit   .    C - +0 steam dragon scales
rPois   .          Reflect  .    (helmet restricted)
rElec   .          Harm     .    (no cloak)
rCorr   .          Rampage  .    (gloves unavailable)
Will    .....                    (boots unavailable)
Stlth   +.........               (no amulet)
HPRegen 1.16/turn                l - +4 ring of evasion
MPRegen 0.16/turn                u - ring of magical power

@: exhausted, corroded, flying
A: large, unfitting armour, claws 3, regeneration 1, shaggy fur 1, tough skin 1
a: Renounce Religion, Wall Jump, Serpent's Lash


You were on level 9 of the Dungeon.
You worshipped Wu Jian.
Wu Jian was most pleased with you.
You visited 1 branch of the dungeon, and saw 9 of its levels.

You collected 466 gold pieces.

Inventory:

Hand Weapons
 q - the +7 Singing Sword (weapon) {vorpal, sonic wave}
   (You found it on level 4 of the Dungeon)

   It inflicts extra damage upon your enemies.
   It radiates damaging sonic waves as it strikes, especially in combat
   involving dangerous or numerous foes.
Missiles
 p - 2 throwing nets (quivered)
 v - 5 javelins
Armour
 a - a +0 robe
 b - a +0 kite shield (worn)
 C - +0 steam dragon scales (worn)
Jewellery
 l - a +4 ring of evasion (left claw)
 u - a ring of magical power (right claw)
 E - a ring of see invisible
Wands
 m - a wand of roots (13)
 A - a wand of mindburst (13)
Scrolls
 e - 3 scrolls of teleportation
 h - a scroll of fog {unknown}
 n - a scroll of immolation
 o - a scroll of poison {unknown}
 r - 3 scrolls of noise {unknown}
 w - a scroll of vulnerability {unknown}
 x - a scroll of amnesia {unknown}
 y - a scroll of blinking {unknown}
 z - a scroll of silence {unknown}
 B - a scroll of fear {unknown}
 D - a scroll of enchant weapon {unknown}
Potions
 c - 5 potions of might
 d - 4 potions of attraction
 f - a potion of curing
 g - 3 potions of brilliance
 i - a potion of invisibility {unknown}
 j - a potion of haste {unknown}
 k - 3 potions of mutation
 s - a potion of ambrosia {unknown}
 t - a potion of degeneration
 F - a potion of flight
 G - a potion of berserk rage {unknown}


   Skills:
 + Level 6.9 Fighting
 * Level 7.8 Long Blades
 - Level 2.5 Dodging
 + Level 7.5 Shields
 - Level 5.7 Unarmed Combat


You had 9 spell levels left.
You didn't know any spells.
Your spell library contained the following spells:

 Spells                   Type           Power      Damage    Failure   Level
 Beastly Appendage        Tmut           0%         N/A       82%         1
 Shock                    Conj/Air       0%         1d3       82%         1
 Ensorcelled Hibernation  Hex/Ice        0%         N/A       91%         2
 Passwall                 Tmut/Erth      0%         N/A       91%         2
 Wereblood                Tmut           0%         N/A       91%         2
 Spider Form              Tmut/Pois      0%         N/A       99%         3
 Swiftness                Air            0%         N/A       99%         3
 Airstrike                Air            0%         2d(0-16)  100%        4
 Cause Fear               Hex            0%         N/A       100%        4
 Passage of Golubria      Tloc           0%         N/A       100%        4
 Blade Hands              Tmut           0%         N/A       100%        5
 Irradiate                Conj/Tmut      0%         3d11      100%        5
 Silence                  Hex/Air        0%         N/A       100%        5
 Dragon Form              Tmut           0%         N/A       100%        7
 Lehudib's Crystal Spear  Conj/Erth      0%         10d2      100%        8
 Dragon's Call            Summ           0%         N/A       100%        9


Dungeon Overview and Level Annotations

Branches:
Dungeon (9/15)             Temple (0/1) D:7
   Lair: D:8-11         Orc: D:9-12

Altars:
Ashenzari
Elyvilon
Fedhas
Hepliaklqana
Makhleb
Nemelex Xobeh
Okawaru
Ru
Uskayaw
Vehumet
Wu Jian

Shops:
D:2 [*

Annotations:
D:9 3 runed translucent doors, exclusion: 4 oklob plants, Encipher's ghost, novice DrRe


Innate Abilities, Weirdness & Mutations

You are too large for most types of armour.
You have claws for hands.
Your natural rate of healing is unusually fast.
You are covered in fur. (AC +1)
You have tough skin. (AC +1)


Message History

The bush is heavily damaged.
The plant is moderately damaged.
The bush is heavily damaged.
The oklob plant is severely damaged.
The bush is moderately damaged.
The plant is moderately damaged.
The oklob plant is severely damaged.
The oklob plant is almost destroyed.
The oklob plant spits acid at you. The splash of acid hits you!
The acid corrodes you!
Unknown command.
Unknown command.
You hit the oklob plant but do no damage.
The oklob plant is almost destroyed.
The oklob plant spits acid at you. The splash of acid hits you!!
The acid corrodes you! The oklob plant spits acid at you.
The splash of acid hits you! The acid corrodes you!
The oklob plant spits acid at you. The splash of acid hits you!!
* * * LOW HITPOINT WARNING * * *
The acid corrodes you!
Unknown command.
As you read the scroll labelled YFUONESIME, it crumbles to dust.
The creatures around you are filled with an inner flame!
It was a scroll of immolation.
A nearby plant withers and dies. x5
The oklob plant spits acid at you. The splash of acid misses you.
It was a potion of degeneration.
There was something very wrong with that liquid.
You feel weakened.
You feel dopey.
You feel clumsy.
A nearby plant withers and dies. x5
It was a potion of flight.
You feel very buoyant.
You fly up into the air.
Okay, then.
Your muscles tense, ready for explosive movement...
Your supernatural speed expires.
The oklob plant spits acid at you. The splash of acid hits you!!
You die...

########
######......#
###........##.####
#................#
..........@...##.#
...$....ā—‹.....##.#
......Pā—‹.......#.#
.......P.......#.#
.....?PP.........#
.................#
..?..(>........#.#
....P..$PP.....#.#
......P.P......#.#


You could see 2 oklob plants.

Vanquished Creatures
  A troll (D:9)
  Grinder (D:6)
  A hornet (D:7)
  A shadow (D:9)
  2 wyverns (D:9)
  2 steam dragons
  3 water moccasins
  2 sky beasts
  4 orc warriors
  A black bear (D:5)
  4 ogres
  A phantom (D:5)
  5 centaurs
  A kobold brigand (D:7)
  2 bullfrogs
  7 scorpions
  12 wights
  A jelly (D:5)
  3 hounds
  A gnoll bouda (D:8)
  2 orc priests
  4 iguanas
  6 orc wizards
  18 gnolls
  9 adders
  A white imp (D:7)
  A worm (D:3)
  A dart slug (D:2)
  18 orcs
  7 ball pythons
  5 endoplasms
  4 giant cockroaches
  6 goblins (D:2)
  4 hobgoblins
  4 jackals (D:2)
  A quokka (D:2)
  11 bats
  4 frilled lizards
  5 kobolds
  4 rats
170 creatures vanquished.

Vanquished Creatures (others)
  An orc (D:7)
  4 fungi (D:4)
  25 plants
30 creatures vanquished.

Grand Total: 200 creatures vanquished

Notes
Turn   | Place    | Note
-------+----------+-------------------------------------------
     0 | D:1      | hikkokomori the Troll Fighter began the quest for the Orb.
     0 | D:1      | Reached XP level 1. HP: 22/22 MP: 0/0
    23 | D:1      | Found a faded altar of an unknown god.
   528 | D:1      | Reached XP level 2. HP: 29/29 MP: 1/1
   790 | D:2      | Found Quabb's Assorted Antiques.
   794 | D:2      | Reached XP level 3. HP: 36/36 MP: 2/2
   861 | D:2      | Found Zaloliq's Armour Shop.
  1152 | D:2      | Reached XP level 4. HP: 44/44 MP: 3/3
  1669 | D:3      | Found an ornate altar of the Wu Jian Council.
  1697 | D:3      | Became a worshipper of the Wu Jian Council
  1801 | D:3      | Reached XP level 5. HP: 22/53 MP: 4/4
  1841 | D:3      | Found a white marble altar of Elyvilon.
  1908 | D:3      | Found a burning altar of Makhleb.
  2040 | D:3      | Found a blossoming altar of Fedhas.
  2402 | D:3      | Reached XP level 6. HP: 28/61 MP: 5/5
  2639 | D:4      | Reached skill level 5 in Unarmed Combat
  2653 | D:4      | Found the +7 Singing Sword {vorpal, sonic wave}
  2683 | D:4      | Reached XP level 7. HP: 65/68 MP: 6/6
  2687 | D:4      | Reached * piety under Wu Jian
  2756 | D:5      | Entered Level 5 of the Dungeon
  2823 | D:5      | Reached skill level 1 in Long Blades
  2901 | D:5      | HP: 3/70 [gnoll/+0 spear (4)]
  3088 | D:5      | Reached skill level 5 in Shields
  3088 | D:5      | Reached XP level 8. HP: 79/79 MP: 7/7
  3088 | D:5      | Found a sparkling altar of Nemelex Xobeh.
  3359 | D:6      | Noticed Grinder
  3369 | D:6      | Killed Grinder
  3390 | D:6      | Reached skill level 5 in Fighting
  3896 | D:7      | Found a staircase to the Ecumenical Temple.
  3955 | D:7      | Reached ** piety under Wu Jian
  4162 | D:7      | Noticed a hornet
  4170 | D:7      | Killed a hornet
  4171 | D:7      | Reached skill level 5 in Long Blades
  4171 | D:7      | Reached XP level 9. HP: 43/88 MP: 8/8
  4271 | D:7      | Found a radiant altar of Vehumet.
  4377 | D:7      | Found a hazy altar of Hepliaklqana.
  4379 | D:7      | Found an iron altar of Okawaru.
  4494 | D:7      | Found a hide-covered altar of Uskayaw.
  4582 | D:7      | Found a broken altar of Ashenzari.
  4584 | D:7      | Found a sacrificial altar of Ru.
  4905 | D:8      | Noticed a manticore
  5580 | D:8      | Reached *** piety under Wu Jian
  5776 | D:9      | Found a runed translucent gate.
  5776 | D:9      | Found a runed translucent gate.
  5776 | D:9      | Found a runed translucent gate.
  5777 | D:9      | Noticed Encipher's ghost (novice DrRe)
  5777 | D:9      | Noticed a nine-headed hydra
  5824 | D:9      | Noticed a troll
  5834 | D:9      | Killed a troll
  5835 | D:9      | Reached XP level 10. HP: 98/100 MP: 9/9
  5985 | D:9      | Noticed an oklob plant
  6013 | D:9      | Noticed an oklob plant
  6018 | D:9      | Noticed an oklob plant
  6020 | D:9      | Noticed an oklob plant
  6028 | D:9      | Killed from afar by an oklob plant

Illustrated notes

Levels and vault maps discovered:
D:1:      psy_arrival_statuary, layout_loops_ring,
          dreamdust_ecumenical_altar_grove, minmay_domino_2
D:2:      layout_loops_cross, serial_bayou, serial_bayou_shore_b,
          serial_bayou_ford_a, serial_bayou_pond_a, serial_bayou_crossing,
          serial_bayou_pond_e, serial_bayou_pond_b, serial_shops,
          nicolae_square_shop, nicolae_shop_waterfront
D:3:      layout_loops_ring, nicolae_overflow_quartered_altars,
          columned_hall_lemuel, amethyst_killhole
D:4:      old_forge, layout_loops_cross, hangedman_minor_gate_pass,
          uniq_duvessa, uniq_robin
D:5:      layout_basic, lemuel_tele_altar
D:6:      layout_cave_pools, st_stairs_7, uniq_grinder
D:7:      layout_basic, nicolae_uskayaw_dance_studio,
          mainiacjoe_overflow_concentric_impassable,
          nicolae_overflow_hidden_temple, minmay_temple_entry_overgrown
D:8:      layout_cave_pools, lightli_minifort
D:9:      kennysheep_ambush_hall, layout_loops_ring, gammafunk_ghost_hydra_chop,
          disabler_island

Skill      XL: |  1  2  3  4  5  6  7  8  9 |
---------------+----------------------------+-----
Shields        | 3 4 5 6 7 |  7.5
Unarmed Combat | 3 4 5 |  5.7
Fighting       | 3 4 5 6 |  6.9
Long Blades    | 2 5 7 |  7.8
Dodging        | |  2.5

Action                   |  1- 3 |  4- 6 |  7- 9 | 10-12 || total
-------------------------+-------+-------+-------+-------++-------
Melee: Unarmed           |   100 |   113 |       |       ||   213
       Double sword      |       |       |   176 |    30 ||   206
Invok: Lunge             |       |     7 |    16 |     4 ||    27
       Whirlwind         |       |       |    23 |       ||    23
       Serpent's Lash    |       |       |       |     2 ||     2
 Abil: Wall Jump         |       |       |     1 |       ||     1
Evoke: Wand              |       |       |     1 |       ||     1
  Use: Scroll            |       |     1 |     4 |     1 ||     6
       Potion            |       |       |     1 |     2 ||     3
 Stab: Sleeping          |       |     2 |       |       ||     2
       Held in net/web   |       |     1 |       |       ||     1
Armor: Robe              |    42 |    28 |    20 |       ||    90
       Steam dragon scal |       |       |       |     7 ||     7
Dodge: Dodged            |    45 |    57 |    98 |    11 ||   211
Block: Kite shield       |    56 |    42 |    79 |    11 ||   188

Table legend: (Time is in decaauts)
 A = Elapsed time spent in this place.
 B = Non-inter-level travel time spent in this place.
 C = Inter-level travel time spent in this place.
 D = Time resting spent in this place.
 E = Time spent auto-exploring this place.
 F = Levels seen in this place.
 G = Mean time per level.
                   A        B        C        D        E       F      G
               +--------+--------+--------+--------+--------+-----+--------+
         Total |   6132 |   5768 |    364 |    532 |   4098 |   9 |  681.3 |
       Dungeon |   6132 |   5768 |    364 |    532 |   4098 |   9 |  681.3 |
               +--------+--------+--------+--------+--------+-----+--------+

Top non-repeatable levels by time:
     D:7: 1597 daAuts
     D:3: 940 daAuts
     D:2: 811 daAuts
     D:1: 704 daAuts
     D:5: 581 daAuts
     D:6: 512 daAuts
     D:4: 374 daAuts
     D:8: 329 daAuts
     D:9: 281 daAuts
